 Dungeon Sprint DCSS version 0.30-a0-457-g4b7bca3bfa (webtiles) character file.

Game seed: 18423857278057520218

10 jt the Chopper (level 2, -10/36 HPs)
             Began as a Barachi Berserker on Dec 13, 2022.
             Was a Believer of Trog.
             Mangled by a merfolk siren
             ... wielding a +0 spear
              (11 damage)
             ... in the Dungeon (Sprint II: "The Violet Keep of Menkaure").
             The game lasted 00:00:25 (103 turns).

jt the Chopper (Barachi Berserker)                   Turns: 103, Time: 00:00:26

Health: -10/36     AC:  2    Str: 18    XL:     2   Next: 20%
Magic:  2/2        EV: 12    Int:  7    God:    Trog [**....]
Gold:   243        SH:  0    Dex: 11    Spells: 1/1 levels left

rFire   . . .      SeeInvis .    a - +0 hand axe
rCold   . . .      Faith    .    (no shield)
rNeg    . . .      Spirit   .    b - +0 animal skin
rPois   .          Reflect  .    (no helmet)
rElec   .          Harm     .    (no cloak)
rCorr   .          Rampage  .    (no gloves)
Will    .....      NoTele   +    (no boots)
Stlth   ..........               (no amulet)
HPRegen 0.26/turn                (no ring)
MPRegen 0.08/turn                (no ring)

@: berserking, quick
A: amphibious, slowness 1, strong legs 1, +LOS
a: Hop, Renounce Religion, Berserk, Trog's Hand


You were in the Dungeon.
You worshipped Trog.
Trog was pleased with you.
You visited 1 branch You collected 243 gold pieces.

Inventory:

Hand Weapons
 a - a +0 hand axe (weapon)
Armour
 b - a +0 animal skin (worn)
Scrolls
 h - a scroll of blinking
Potions
 c - a potion of curing
 d - a potion of heal wounds
 e - a potion of haste
 f - 2 potions of magic
 g - a potion of berserk rage


   Skills:
 - Level 3.6 Fighting
 + Level 5.8 Axes
 - Level 2.4 Armour
 - Level 2.1 Dodging


You had one spell level left.
You didn't know any spells.
Your spell library was empty.

Dungeon Overview and Level Annotations

Branches:
Dungeon (1/1)

Altars:

Annotations:
D exclusion: obsidian statue


Innate Abilities, Weirdness & Mutations

You are amphibious.
You cover ground slowly.
You can hop short distances.
You have an extended range of vision and can be seen from far away.


Message History

You start resting.
The obsidian statue slips into the dungeon's darkness for a moment. x2
HP restored.
There is an open door here.
You open the door.
A merfolk siren comes into view. It is wielding a +0 spear.
The merfolk siren shouts!
The merfolk siren chants a haunting song.
You are mesmerised by the merfolk siren!
You close the door.
You are no longer entranced.
A red film seems to cover your vision as you go berserk!
You feel yourself moving faster!
You feel mighty!
A merfolk siren opens the door.
You feel a strong urge to attack something.
The merfolk siren hits you with a +0 spear.
There is an open door here.
You barely miss the merfolk siren. You slash the merfolk siren!
The merfolk siren is moderately wounded.
The merfolk siren hits you with a +0 spear!
You hit the merfolk siren.
The merfolk siren is moderately wounded.
The merfolk siren hits you with a +0 spear!
* * * LOW HITPOINT WARNING * * *
You are too injured to fight recklessly!
You are too injured to fight recklessly!
You are too injured to fight recklessly!
You closely miss the merfolk siren.
The merfolk siren is moderately wounded.
You slash the merfolk siren!
The merfolk siren is heavily wounded.
The merfolk siren hits you with a +0 spear!
* * * LOW HITPOINT WARNING * * *
You hit the merfolk siren.
The merfolk siren is heavily wounded.
You hit the merfolk siren.
The merfolk siren is severely wounded.
The merfolk siren hits you with a +0 spear!
You die...

## ##.# #+#
#...##.##
#m@.<.+
#...##.##
##.###'#
####.†###
#..##.#
##.#.# ##'#
#~~~~~~~~§§§≈
#+++#+++#§≈≈§


You could see a merfolk siren.

Vanquished Creatures
  3 worms (D)
3 creatures vanquished.

Notes
Turn   | Place    | Note
-------+----------+-------------------------------------------
     0 | D        | jt the Barachi Berserker began the quest for the Orb.
     0 | D        | Reached XP level 1. HP: 18/18 MP: 1/1
     7 | D        | Reached skill level 4 in Axes
    11 | D        | Reached skill level 5 in Axes
    11 | D        | Reached XP level 2. HP: 24/24 MP: 2/2
    44 | D        | Noticed an obsidian statue
    51 | D        | Reached ** piety under Trog
    93 | D        | Noticed a merfolk siren
   101 | D        | HP: 1/36 [merfolk siren/+0 spear (9)]
   103 | D        | Mangled by a merfolk siren

Illustrated notes

Levels and vault maps discovered:
D:        the_violet_keep_of_menkaure [sprint2_stairs_cluster_1,
          sprint2_shoproom, sprint2_temple, sprint2_basic_supplies,
          sprint2_obstacle_3, sprint2_obstacle_7, sprint2_obstacle_1,
          sprint2_obstacle_4, sprint2_obstacle_6, sprint2_timed_cluster_1,
          sprint2_smallroom_cluster_1, sprint2_smallroom_final_cluster_1,
          sprint2_transparent_cluster_1, sprint2_second_timed_cluster_1,
          sprint2_sniper_area_1, sprint2_heavy_combat_area_1,
          sprint2_mutation_trap_area_1, sprint2_forest_area_1,
          sprint2_light_combat_area_1, sprint2_behind_water_1,
          sprint2_near_end_vault_1]

Skill      XL: |  1 |
---------------+----+-----
Axes           | 5 |  5.8
Fighting       | |  3.6
Armour         | |  2.4
Dodging        | |  2.1

Action                   || total
-------------------------++-------
Melee: Hand axe          ||    18
Invok: Berserk           ||     2
Armor: Animal skin       ||     1
Dodge: Dodged            ||     2

Table legend: (Time is in decaauts)
 A = Elapsed time spent in this place.
 B = Non-inter-level travel time spent in this place.
 C = Inter-level travel time spent in this place.
 D = Time resting spent in this place.
 E = Time spent auto-exploring this place.
 F = Levels seen in this place.
 G = Mean time per level.
                   A        B        C        D        E       F      G
               +--------+--------+--------+--------+--------+-----+--------+
         Total |    108 |    108 |      0 |     64 |      0 |   1 |  108.0 |
       Dungeon |    108 |    108 |      0 |     64 |      0 |   1 |  108.0 |
               +--------+--------+--------+--------+--------+-----+--------+

Top non-repeatable levels by time:
       D: 108 daAuts
